 Dungeon Crawl Stone Soup version 0.30.0-30-g96aa6591b8 (webtiles) character file.

Game seed: 8975489222500333763

121 cheesebisquit the Magician (level 5, -5/40 HPs)
             Began as a Djinni Fire Elementalist on June 30, 2023.
             Slain by Blork the orc
             ... wielding a +3 glaive
              (17 damage)
             ... on level 4 of the Dungeon.
             The game lasted 00:06:31 (2370 turns).

cheesebisquit the Magician (DjFE)                   Turns: 2370, Time: 00:06:31

Health: -5/40      AC:  7    Str:  7    XL:     5   Next: 26%
Gold:   115        EV: 11    Int: 19    God:
                   SH:  0    Dex: 13

rFire   + + .        a - +0 mace (protect)
rCold   x . .        (no shield)
rNeg    . . .        e - +2 leather armour {Will+}
rPois   ∞            f - +0 helmet
rElec   .            (no cloak)
rCorr   .            j - +0 pair of gloves
SInv    .            (boots unavailable)
Will    +....        (no amulet)
Stlth   ++           (no ring)
HPRegen 0.26/turn    (no ring)
MPRegen 0.00/turn

%: infuse magic (-6 HP)
@: flying
A: sickness immunity, fire resistance 2, cold vulnerability 1, float, innate
caster, HP casting, extra vitality 1
a: no special abilities


You were on level 4 of the Dungeon.
You visited 1 branch of the dungeon, and saw 4 of its levels.

You collected 115 gold pieces.

Inventory:

Hand Weapons
 a - a +0 mace of protection (weapon)
Missiles
 m - 7 poisoned darts
Armour
 e - a +2 leather armour of willpower (worn)
 f - a +0 helmet (worn)
 j - a +0 pair of gloves (worn)
Wands
 n - a wand of iceblast (9)
Scrolls
 c - 2 scrolls of amnesia {unknown}
 d - a scroll of vulnerability {unknown}
 g - a scroll of fog {unknown}
 k - a scroll of teleportation {unknown}
 l - a scroll of identify {unknown}
 o - a scroll of fear {unknown}
Potions
 b - a potion of might {unknown}
 h - a potion of heal wounds {unknown}
 i - a potion of flight {unknown}
 p - a potion of lignification {unknown}


   Skills:
 + Level 3.0 Fighting
 - Level 2.1 Dodging
 - Level 1.5 Stealth
 + Level 3.5 Spellcasting


You knew the following spells:

 Your Spells              Type           Power      Damage    Failure   Level
a - Foxfire               Conj/Fire      64%        2x1d7     5%          1
b - Scorch                Fire           32%        2d6       8%          2
c - Volatile Blastmotes   Fire/Tloc      32%        2d12      16%         3
d - Inner Flame           Hex/Fire       16%        N/A       16%         3
e - Flame Wave            Conj/Fire      16%        2d7       45%         4
f - Necrotise             Necr           64%        1d7       5%          1
g - Wereblood             Tmut           16%        N/A       8%          2
Your spell library was empty.

Dungeon Overview and Level Annotations

Branches:
Dungeon (4/15)
 Temple: D:4-7

Altars:
Dithmenos
Nemelex Xobeh
Ru
Trog
Wu Jian

Annotations:
D:4 Blork the orc


Innate Abilities, Weirdness & Mutations

You are immune to sickness and miasma.
You are immune to poison.
Your flesh is very heat resistant. (rF++)
You are vulnerable to cold. (rC-)
You float through the air rather than walking.
You learn spells naturally, not from books.
Your magical power is your life essence.
You have superior vitality. (+4 MHP)


Message History

Found a quarterstaff.
You see here a hobgoblin corpse.
Found a stone staircase leading up.
You now have 97 gold pieces (gained 9).
There is a stone staircase leading up here.
You now have 115 gold pieces (gained 18).
You reach down and open the door.
Found an escape hatch in the floor.
There is an open door here.
Blork the orc comes into view.
He is wielding a +3 glaive.
Blork the orc shouts!
Blork the orc gestures wildly while chanting.
Blork the orc seems to speed up.
You conjure some foxfire!
A quokka comes into view.
Casting: Foxfire (safe; 5% risk of failure)
Confirm with . or Enter, or press ? or * to list all spells.
Flames lash Blork the orc.
Blork the orc is lightly wounded.
Blork the orc's fire resistance burns away.
The foxfire hits Blork the orc.
Blork the orc is burned terribly!
Blork the orc is moderately wounded.
Blork the orc completely misses you.
The foxfire hits Blork the orc.
Blork the orc is moderately wounded.
Blork the orc barely misses you.
Blork the orc hits you from afar with a +3 glaive.
You conjure some foxfire!
Blork the orc hits you from afar with a +3 glaive!!
Blork the orc closely misses you.
Casting: Foxfire (safe; 5% risk of failure)
Confirm with . or Enter, or press ? or * to list all spells.
Flames lash the quokka.
You kill the quokka!
* * * LOW HITPOINT WARNING * * *
The foxfire hits Blork the orc but does no damage.
Blork the orc is moderately wounded.
The foxfire hits Blork the orc.
Blork the orc is burned terribly!
Blork the orc is heavily wounded.
Blork the orc hits you from afar with a +3 glaive!
You die...

....... .....# #....#
#....## #.....#
..##...o.
...?....##+######
......§@##.>....##
.......§§........# ..
..########.......#
#.. #....##......##
.# #.....#......## #
## . #.....#.......#
# #.###.
#.....#.......# #..
#...###.....'.......#
.#
#....#.###.##########


You could see Blork the orc (fast, combustible).

Vanquished Creatures
  An orc wizard (D:3)
  A gnoll (D:1)
  2 adders (D:2)
  A worm (D:3)
  6 orcs (D:3)
  4 endoplasms
  3 giant cockroaches
  5 hobgoblins
  10 kobolds
  2 quokkas
  5 ball pythons
  2 bats (D:2)
  7 frilled lizards
  8 goblins
  3 rats
60 creatures vanquished.

Vanquished Creatures (others)
  170 foxfires
170 creatures vanquished.

Grand Total: 230 creatures vanquished

Notes
Turn   | Place    | Note
-------+----------+-------------------------------------------
     0 | D:1      | cheesebisquit the Djinni Fire Elementalist began the quest
                  | for the Orb.
     0 | D:1      | cheesebisquit set off with the following spells memorised:
                  | Foxfire, Scorch, Volatile Blastmotes, Inner Flame, Flame
                  | Wave.
     0 | D:1      | Reached XP level 1. HP: 15/15 MP: 0/0
   233 | D:1      | Reached XP level 2. HP: 21/22 MP: 0/0
   237 | D:1      | Reached skill level 1 in Fighting
   415 | D:1      | Reached XP level 3. HP: 22/27 MP: 0/0
   415 | D:1      | Learned a level 1 spell: Necrotise
   442 | D:1      | Found a faded altar of an unknown god.
  1309 | D:2      | Reached XP level 4. HP: 29/33 MP: 0/0
  1743 | D:3      | Found a shadowy altar of Dithmenos.
  1743 | D:3      | Found a sacrificial altar of Ru.
  1746 | D:3      | Found a sparkling altar of Nemelex Xobeh.
  1808 | D:3      | Reached XP level 5. HP: 32/40 MP: 0/0
  1808 | D:3      | Learned a level 2 spell: Wereblood
  2238 | D:3      | Found an ornate altar of the Wu Jian Council.
  2238 | D:3      | Found a bloodstained altar of Trog.
  2364 | D:4      | Noticed Blork the orc
  2370 | D:4      | Slain by Blork the orc

Illustrated notes

Levels and vault maps discovered:
D:1:      doesnt_arrival_eight_statues, layout_loops_ring,
          shapermc_ecumenical_altar_pompeii
D:2:      layout_basic
D:3:      layout_rooms, nicolae_overflow_hidden_temple,
          mainiacjoe_overflow_tiny_flanked
D:4:      nicolae_BIG_FREAKIN_CUBE, layout_gridville, uniq_grinder,
          uniq_blork_the_orc

Skill      XL: |  1  2  3  4  5 |
---------------+----------------+-----
Fighting       | 1 2 3 |  3.0
Spellcasting   | 3 |  3.5
Dodging        | |  2.1
Stealth        | |  1.5

Action                     |  1- 3 |  4- 6 || total
---------------------------+-------+-------++-------
  Melee: Short sword       |     4 |       ||     4
         Unarmed           |     3 |       ||     3
         Mace              |     9 |     4 ||    13
   Cast: Foxfire           |    60 |    38 ||    98
         Scorch            |       |    15 ||    15
         Wereblood         |       |     1 ||     1
 Armour: Robe              |     3 |       ||     3
         Leather armour    |     8 |     8 ||    16
  Dodge: Dodged            |    20 |    15 ||    35
